 Dungeon Crawl Stone Soup version 0.20.0-15-g7f486f2 (console) character file.

4897 removed the Carver (level 10, -2/60 HPs)
             Began as a Deep Elf Fighter on June 11, 2017.
             Was an Initiate of Ru.
             Slain by a killer bee (7 damage)
             ... on level 8 of the Dungeon.
             The game lasted 00:16:36 (12224 turns).

removed the Carver (Deep Elf Fighter)              Turns: 12224, Time: 00:16:36

Health: -2/60      AC:  9    Str: 13    XL:     10   Next: 26%
Magic:  12/12      EV: 15    Int: 14    God:    Ru [......]
Gold:   424        SH:  8    Dex: 17    Spells: 9/9 levels left

rFire    . . .     SeeInvis .   a - +0 scimitar (curse)
rCold    + . .     Gourm    .   c - +0 shield
rNeg     . . .     Faith    .   y - +2 leather armour of Pragmatism {*Contam rPois MR+++ Stlth-}
rPois    +         Spirit   .   w - +2 helmet
rElec    .         Reflect  .   (no cloak)
rCorr    .         Harm     .   (no gloves)
MR       ++++.                  P - +0 pair of boots
Stlth    ..........             v - amulet of rage
Regen    0.2/turn               W - ring of protection from cold
MPRegen  0.2/turn               U - ring of Shadows {Umbra +Inv Stlth+}

@: wreathed by umbra
A: no stealth
a: Renounce Religion, Evoke Berserk Rage, Evoke Invisibility


You were on level 8 of the Dungeon.
You worshipped Ru.
Ru was noncommittal.
You were hungry.

You visited 2 branches of the dungeon, and saw 10 of its levels.
You also visited: Ossuary.

You collected 424 gold pieces.

Inventory:

Hand Weapons
 a - a cursed +0 scimitar (weapon)
 x - a +0 whip of venom
 N - the +12 scythe "Kopni" {drain, rC+ MP+9, unknown}
   (You found it on level 6 of the Dungeon)

   A truly terrible weapon, it drains the life of those it strikes.
   It protects you from cold.
   It affects your magic capacity (+9).
 X - a +0 blowgun
 Z - a +1 long sword
Missiles
 Y - 6 poisoned needles
Armour
 b - a +0 scale mail
 c - a +0 shield (worn)
 w - a +2 helmet (worn)
 y - the +2 leather armour of Pragmatism (worn) {*Contam rPois MR+++ Stlth-}
   (You found it in an ossuary)

   It protects you from poison.
   It affects your resistance to hostile enchantments.
   It causes magical contamination when unequipped.
   It makes you less stealthy.
 M - a +3 leather armour of fire resistance
 P - a +0 pair of boots (worn)
 S - +0 steam dragon scales
Magical Staves
 V - an uncursed staff of death {unknown}
Jewellery
 u - an uncursed ring of ice
 v - an amulet of rage (around neck)
 E - an uncursed amulet of the gourmand {unknown}
 F - an uncursed amulet of guardian spirit {unknown}
 U - the ring of Shadows (right hand) {Umbra +Inv Stlth+}
   (You found it on level 9 of the Dungeon)

   [ring of stealth]

   It lets you turn invisible.
   It makes you more stealthy.
 W - a ring of protection from cold (left hand)
Wands
 C - a wand of paralysis (0/24)
 H - a wand of clouds (3/9)
 O - a wand of iceblast (0/15)
Scrolls
 o - a scroll of recharging
 q - 2 scrolls of enchant weapon
 r - 7 scrolls of remove curse
 z - 4 scrolls of amnesia
Potions
 d - 4 potions of might
 k - 9 potions of curing
 m - 4 potions of cancellation
 n - 3 potions of flight
 p - 2 potions of lignification
 s - 2 potions of heal wounds
 t - 2 potions of resistance
 A - 2 potions of agility
 Q - a potion of brilliance
 R - a potion of invisibility {unknown}
Comestibles
 f - 6 bread rations
 i - 30 fruits
 T - 3 chunks of flesh


   Skills:
 - Level 6.0 Fighting
 + Level 10.9 Long Blades
 - Level 2.4 Armour
 - Level 8.1 Dodging
 - Level 2.4 Shields


You had 9 spell levels left.
You didn't know any spells.

Dungeon Overview and Level Annotations

Branches:
Dungeon (9/15)             Temple (1/1) D:7
   Lair: D:8-11         Orc: D:9-12

Altars:
Ashenzari
Cheibriados
Dithmenos
Elyvilon
Fedhas
Gozag
Hepliaklqana
Kikubaaqudgha
Makhleb
Nemelex Xobeh
Okawaru
Qazlal
Ru
Sif Muna
Trog
Uskayaw
Vehumet
Xom
Yredelemnul
Zin
The Shining One

Shops:
D:7 }


Innate Abilities, Weirdness & Mutations

You cannot be stealthy.


Message History

a dagger; a robe; an orc corpse You block the killer bee's attack.
A killer bee comes into view.
There is a stone staircase leading up, spattered with blood here.
The killer bee buzzes angrily. x2
The killer bee stings you.
* * * LOW HITPOINT WARNING * * *
The killer bee closely misses you.
You riposte.
You hit the killer bee.
The killer bee is lightly wounded.
You climb upwards.
There is a stone staircase leading down here.
Unknown command.
The killer bee stings you but does no damage.
You block the killer bee's attack. You block the killer bee's attack.
The killer bee closely misses you.
You riposte.
Your shield prevents you from hitting the killer bee.
The killer bee is lightly wounded.
The killer bee stings you!
You die...

#..# ###.# #.##.# .#.# #...#
#.##.# .#.# #.### #.##.#
.#.#####.# #.##.# ##.......##
#.##.# ## ######...## ##.##.# #.
##.###.## ##...#.## #. ###.##
##.#####†#.#...## #. ###...#
#...[y@........# #. #..<..##
##...>y#.#.#....## #.
#.#.##.###.#.##.##...#....######.
..#.###...##.##.###.....#........
###.# ##.###.##.######.>..######.
....# #.# #.##........#.####....
##### #.# #.####.............##.
##.###.####...####.########
#...##.##.......##.#


You could see 2 killer bees.

Vanquished Creatures
  Psyche (D:9)
  Joseph (D:9)
  A hippogriff (D:7)
  Eustachio (D:4)
  The ghost of melvinkitnick the Ruffian, an amateur DrMo of Makhleb (D:5)
  A steam dragon (D:8)
  A water moccasin (D:7)
  A necrophage (D:6)
  4 sky beasts
  2 orc warriors (D:7)
  An ice beast (D:4)
  4 ogres
  2 phantoms (D:5)
  A black bear (D:8)
  3 big kobolds
  3 bullfrogs
  2 scorpions
  5 water moccasin zombies (Ossuary)
  7 wights
  A howler monkey (D:8)
  4 crimson imps
  3 bullfrog zombies
  2 hounds
  5 orc priests
  A centaur skeleton (D:8)
  A bullfrog skeleton (D:5)
  A jelly (D:7)
  5 orc wizards
  7 worker ants
  A killer bee zombie (D:9)
  A big kobold zombie (Ossuary)
  A hound zombie (D:8)
  2 mummies (Ossuary)
  A howler monkey skeleton (D:8)
  6 adders
  A shadow imp (D:8)
  2 oozes
  2 adder skeletons
  7 adder zombies
  4 worms
  A dart slug (D:1)
  4 leopard geckos
  26 orcs
  9 giant cockroaches
  9 hobgoblins
  12 jackals
  18 kobolds
  3 quokkas
  3 ball pythons
  6 bats
  8 frilled lizards
  A gnoll zombie (Ossuary)
  5 goblins
  6 hobgoblin zombies (Ossuary)
  7 kobold zombies (Ossuary)
  A leopard gecko skeleton (D:5)
  2 orc zombies (Ossuary)
  5 rats
226 creatures vanquished.

Vanquished Creatures (others)
  5 plants (D:7)
5 creatures vanquished.

Grand Total: 231 creatures vanquished

Notes
Turn   | Place    | Note
-------+----------+-------------------------------------------
     0 | D:1      | removed the Deep Elf Fighter began the quest for the Orb.
     0 | D:1      | Reached XP level 1. HP: 13/13 MP: 3/3
    49 | D:1      | Reached skill level 2 in Long Blades
   115 | D:1      | Reached XP level 2. HP: 17/18 MP: 4/4
   472 | D:1      | Reached skill level 3 in Long Blades
   762 | D:2      | Reached XP level 3. HP: 22/22 MP: 5/5
  1654 | D:2      | Reached XP level 4. HP: 21/27 MP: 6/6
  1658 | D:2      | Reached skill level 4 in Long Blades
  1834 | D:2      | HP: 1/27 [poisoned by an adder]
  3342 | D:3      | Reached XP level 5. HP: 31/31 MP: 7/7
  3343 | D:3      | Reached skill level 5 in Long Blades
  3624 | D:4      | Found a sand-covered staircase.
  3629 | Ossuary  | Entered an ossuary
  3689 | Ossuary  | HP: 1/46 [water moccasin zombie (3)]
  3693 | Ossuary  | Reached XP level 6. HP: 2/36 MP: 8/8
  4092 | Ossuary  | Reached skill level 6 in Long Blades
  4669 | Ossuary  | Reached skill level 7 in Long Blades
  4709 | Ossuary  | Got a brightly glowing leather armour
  4722 | Ossuary  | Identified the +2 leather armour of Pragmatism {*Contam rPois MR+++ Stlth-} (You found it in an ossuary)
  4761 | D:4      | Reached XP level 7. HP: 40/40 MP: 9/9
  5599 | D:4      | Reached skill level 8 in Long Blades
  5773 | D:4      | Reached skill level 1 in Dodging
  5930 | D:4      | Reached XP level 8. HP: 38/45 MP: 10/10
  6302 | D:4      | Noticed Eustachio
  6452 | D:4      | Killed Eustachio
  6596 | D:4      | Reached skill level 5 in Dodging
  6702 | D:5      | Entered Level 5 of the Dungeon
  6926 | D:5      | Noticed melvinkitnick's ghost (amateur DrMo)
  7514 | D:5      | Killed melvinkitnick's ghost
  8456 | D:5      | Reached XP level 9. HP: 44/52 MP: 11/11
  8723 | D:6      | Got a brightly glowing scythe
  9019 | D:7      | Reached skill level 5 in Fighting
  9378 | D:7      | Found Nucezav's Gadget Shoppe.
 10061 | D:7      | Reached skill level 9 in Long Blades
 10180 | D:7      | Found a staircase to the Ecumenical Temple.
 10186 | Temple   | Entered the Ecumenical Temple
 10357 | Temple   | Became a worshipper of Ru the Awakened
 11268 | D:8      | Reached skill level 10 in Long Blades
 11279 | D:8      | Reached XP level 10. HP: 44/60 MP: 12/12
 11736 | D:9      | Noticed Joseph
 11755 | D:9      | Killed Joseph
 11936 | D:9      | Noticed Psyche
 11941 | D:9      | Killed Psyche
 11944 | D:9      | Gained mutation: You cannot be stealthy. [Ru sacrifice]
 12224 | D:8      | Slain by a killer bee

Skill      XL: |  1  2  3  4  5  6  7  8  9 |
---------------+----------------------------+-----
Long Blades    | 2 3 4 5 7 8 10 | 10.9
Dodging        | 3 8 |  8.1
Fighting       | 3 6 |  6.0
Armour         | |  2.4
Shields        | |  2.4

Action                   |  1- 3 |  4- 6 |  7- 9 | 10-12 || total
-------------------------+-------+-------+-------+-------++-------
Melee: Long sword        |   133 |   255 |   615 |     3 ||  1006
       Scimitar          |       |       |       |    83 ||    83
Invok: Sacrifice Stealth |       |       |       |     1 ||     1
 Abil: Evoke Berserk Rag |       |     4 |    11 |     1 ||    16
Evoke: Wand              |       |       |     5 |     3 ||     8
  Use: Scroll            |       |       |    17 |     1 ||    18
  Eat: Chunk             |     3 |     8 |    26 |     1 ||    38
       Bread ration      |       |     1 |     1 |       ||     2
       Fruit             |       |       |     1 |       ||     1
       Royal jelly       |       |       |       |     2 ||     2
Armor: Scale mail        |    52 |   110 |       |       ||   162
       Leather armour    |       |     1 |   138 |    29 ||   168
Dodge: Dodged            |    23 |    43 |   255 |    60 ||   381
Block: Shield            |    66 |   107 |   225 |    43 ||   441
       Rpst.: Long sword |     9 |    18 |    77 |       ||   104
       Scimitar          |       |       |       |    27 ||    27
